 Dungeon Crawl Stone Soup version 0.21-a0-578-gc6e9d75 (webtiles) character file.

187 4thArraOfDagon the Slasher (level 5, -1/47 HPs)
             Began as a Minotaur Abyssal Knight on Dec 18, 2017.
             Was a Believer of Lugonu.
             Slain by an orc wizard
             ... wielding a +0 dagger
              (3 damage)
             ... on level 3 of the Dungeon.
             The game lasted 00:04:38 (1061 turns).

4thArraOfDagon the Slasher (MiAK)                   Turns: 1061, Time: 00:04:40

Health: -1/47      AC:  3    Str: 16    XL:     5   Next: 39%
Magic:  6/6        EV: 11    Int: 10    God:    Lugonu [**....]
Gold:   53         SH:  0    Dex: 10    Spells: 4/4 levels left

rFire    . . .     SeeInvis .   a - +1 falchion
rCold    . . .     Gourm    .   (no shield)
rNeg     . . .     Faith    .   b - +0 leather armour
rPois    .         Spirit   .   (helmet restricted)
rElec    .         Reflect  .   (no cloak)
rCorr    .         Harm     .   (no gloves)
MR       .....                  (no boots)
Stlth    +.........             (no amulet)
HPRegen  0.15/turn              (no ring)
MPRegen  0.10/turn              (no ring)

@: drained
A: retaliatory headbutt, horns 2
a: Depart the Abyss, Bend Space, Renounce Religion


You were on level 3 of the Dungeon.
You worshipped Lugonu.
Lugonu was pleased with you.
You were not hungry.

You visited 1 branch of the dungeon, and saw 3 of its levels.
You visited the Abyss 1 time.

You collected 53 gold pieces.

Inventory:

Hand Weapons
 a - a +1 falchion (weapon)
 j - a +0 long sword
Armour
 b - a +0 leather armour (worn)
Scrolls
 d - a scroll of remove curse
 e - a scroll of enchant armour {unknown}
 g - 2 scrolls of immolation
 h - a scroll of fog
Comestibles
 c - 5 rations
 i - 2 chunks of flesh


   Skills:
 + Level 4.5 Fighting
 * Level 4.6 Long Blades
 + Level 3.7(3.6) Armour
 - Level 1.3(1.2) Dodging
 + Level 2.8 Invocations


You had 4 spell levels left.
You didn't know any spells.

Dungeon Overview and Level Annotations

Branches:
Dungeon (3/15)

Altars:


Innate Abilities, Weirdness & Mutations

You reflexively headbutt those who attack you in melee.
You have a pair of horns on your head.


Message History

The orc wizard barely misses you.
You barely miss the orc wizard. Your headbutt misses the orc wizard.
The orc wizard is severely wounded.
The orc wizard points at you and mumbles some strange words.
The puff of flame hits you!
* * * LOW HITPOINT WARNING * * *
You closely miss the orc wizard.
The orc wizard is severely wounded.
The orc wizard points at you and mumbles some strange words.
The magic dart hits you!
* * * LOW HITPOINT WARNING * * *
Unknown command.
You barely miss the orc wizard.
The orc wizard is severely wounded.
The orc wizard hits you but does no damage.
Unknown command.
You closely miss the orc wizard.
The orc wizard is severely wounded.
The orc wizard hits you with a dagger.
You die...

#..# #..# #..# #..# #..#
#.## ##.## #(..#####
#..o@...# ##....##.######
#..≈≈...≈..≈.≈# #####
#.)....≈≈.≈..≈#
....########.)≈≈≈≈≈≈≈≈≈..#
.....))......≈≈≈≈≈≈≈≈≈≈≈.#
.##.########≈≈≈≈≈≈≈≈≈≈≈.≈#
.##... ...≈.≈≈≈≈.♣≈≈≈≈.#
.###### ###≈≈≈≈≈♣_♣≈≈≈≈.#


You could see an orc wizard.

Vanquished Creatures
  2 orc wizards (D:3)
  Jessica (D:2)
  2 adders (D:3)
  2 oozes
  2 dart slugs
  2 leopard geckos
  11 orcs (D:3)
  2 giant cockroaches
  6 goblins
  5 hobgoblins
  5 jackals
  5 kobolds
  A quokka (D:2)
  6 bats
  3 frilled lizards
  8 rats
63 creatures vanquished.

Notes
Turn   | Place    | Note
-------+----------+-------------------------------------------
     0 | Abyss:1  | 4thArraOfDagon the Minotaur Abyssal Knight began the quest for the Orb.
     0 | Abyss:1  | Reached XP level 1. HP: 19/19 MP: 1/1
    28 | Abyss:1  | Noticed a chaos spawn
   125 | Abyss:1  | Noticed a large abomination
   127 | Abyss:1  | Noticed a thrashing horror
   130 | D:1      | Escaped the Abyss
   171 | D:1      | Reached * piety under Lugonu
   244 | D:2      | Reached XP level 2. HP: 20/27 MP: 2/2
   450 | D:2      | Reached XP level 3. HP: 29/33 MP: 3/3
   497 | D:2      | Noticed Jessica
   512 | D:2      | Killed Jessica
   635 | D:3      | Reached ** piety under Lugonu
   668 | D:3      | Reached XP level 4. HP: 38/40 MP: 4/4
   878 | D:3      | Reached XP level 5. HP: 21/47 MP: 4/6
   954 | D:3      | Found a faded altar of an unknown god.
  1059 | D:3      | HP: 1/47 [orc wizard/magic dart (5)]
  1061 | D:3      | Slain by an orc wizard

Vault maps used:
D:1:      dpeg_arrival_rooms_a
D:2:      marbit_many_paths, lemuel_coloured_pillars_altar, first_ration,
          amethyst_killhole, uniq_jessica
D:3:      chequers_ecumenical_altar_island, minmay_misc_feat_room

Skill      XL: |  1  2  3  4 |
---------------+-------------+-----
Invocations    | 2 |  2.8
Long Blades    | 3 4 |  4.6
Fighting       | 4 |  4.5
Armour         | 3 |  3.7
Dodging        | |  1.3

Action                   |  1- 3 |  4- 6 || total
-------------------------+-------+-------++-------
Melee: Falchion          |    61 |    74 ||   135
       Headbutt          |     6 |     9 ||    15
Throw: Tomahawk          |       |     2 ||     2
Invok: Depart the Abyss  |     1 |       ||     1
  Use: Potion            |     1 |     1 ||     2
       Scroll            |       |     4 ||     4
  Eat: Chunk             |       |     1 ||     1
Armor: Leather armour    |    16 |    12 ||    28
       Skin              |       |    33 ||    33
Dodge: Dodged            |    49 |    30 ||    79
       Rpst.: Falchion   |    13 |    14 ||    27

Table legend:
 A = Spawn XP
 B = Non-spawn XP
 C = Spawn XP percentage of total XP
 D = Spawn monster count
 E = Non-spawn monster count
 F = Spawn count percentage of total count
 G = Total turns spent on level
                    A         B        C        D         E        F      G
               +---------+---------+-------+---------+---------+-------+---------
         Total |       0 |     268 |   0.0 |       0 |      63 |   0.0 |  1061
               +---------+---------+-------+---------+---------+-------+---------
           D:1 |       0 |      33 |   0.0 |       0 |      16 |   0.0 |   270
           D:2 |       0 |      58 |   0.0 |       0 |      13 |   0.0 |   232
           D:3 |       0 |     177 |   0.0 |       0 |      34 |   0.0 |   429
               +---------+---------+-------+---------+---------+-------+---------
